 Dungeon Crawl Stone Soup version 0.25-a0-1130-g3926558f3a (webtiles) character file.

Game seed: 8731945917736031808, levelgen mode: deterministic

36 Flugslaktarn the Skirmisher (level 3, 0/24 HPs)
             Began as a Gargoyle Berserker on May 19, 2020.
             Was a Believer of Trog.
             Slain by an ooze (2 damage)
             ... on level 2 of the Dungeon.
             The game lasted 00:02:14 (384 turns).

Flugslaktarn the Skirmisher (Gargoyle Berserker)     Turns: 384, Time: 00:02:15

Health: 0/24       AC:  5    Str: 21    XL:     3   Next: 37%
Magic:  3/3        EV:  6    Int:  7    God:    Trog [**....]
Gold:   81         SH:  0    Dex:  9    Spells: 2/2 levels left

rFire    . . .     SeeInvis .   a - +0 hand axe
rCold    . . .     Gourm    .   (no shield)
rNeg     + . .     Faith    .   b - +0 animal skin
rPois    ∞         Spirit   .   (no helmet)
rElec    +         Reflect  .   (no cloak)
rCorr    .         Harm     .   (no gloves)
MR       .....                  (no boots)
Stlth    +.........             (no amulet)
HPRegen  0.08/turn              (no ring)
MPRegen  0.08/turn              (no ring)

@: held
A: negative energy resistance 1, electricity resistance, unbreathing,
petrification resistance, rot immunity, AC +3
a: Berserk, Trog's Hand, Renounce Religion


You were on level 2 of the Dungeon.
You worshipped Trog.
Trog was pleased with you.
You were hungry.

You visited 1 branch of the dungeon, and saw 3 of its levels.

You collected 81 gold pieces.

Inventory:

Hand Weapons
 a - a +0 hand axe (weapon)
Armour
 b - a +0 animal skin (worn)
Scrolls
 c - a scroll of random uselessness {unknown}
 h - a scroll of teleportation {unknown}
 j - a scroll of remove curse {unknown}
 k - a scroll of enchant armour {unknown}
Potions
 d - 2 potions of curing {unknown}
 f - 2 potions of heal wounds {unknown}
 g - 4 potions of haste {unknown}
 i - a potion of degeneration {unknown}
Comestibles
 e - 2 rations


   Skills:
 + Level 3.6 Fighting
 + Level 3.0 Axes
 + Level 2.7 Armour
 + Level 2.0 Dodging


You had 2 spell levels left.
You didn't know any spells.
Your spell library was empty.

Dungeon Overview and Level Annotations

Branches:
Dungeon (3/15)

Altars:


Innate Abilities, Weirdness & Mutations

You are resistant to torment.
Your stone body is resilient. (AC +3)
You are immune to poison.
You resist negative energy. (rN+)
You are resistant to electric shocks. (rElec)
You can survive without breathing.
You are immune to petrification.
You are immune to rotting.


Message History

The kobold barely misses you.
A bat comes into view.
The gnoll misses you.
A gnoll comes into view. It is wielding a +0 flail.
A dart slug comes into view.
The gnoll shouts!
The gnoll throws a throwing net.
The throwing net hits you.
You become entangled in the net!
The gnoll hits you with a +0 club.
You see here a throwing net.
You struggle against the net.
The kobold completely misses you.
The gnoll hits you from afar with a +0 halberd!
* * * LOW HITPOINT WARNING * * *
The bat barely misses you.
Okay, then.
You struggle against the net.
The bat barely misses you. The gnoll hits you with a +0 club.
* * * LOW HITPOINT WARNING * * *
The kobold hits you but does no damage. The gnoll closely misses you.
The ooze hits you.
You die...

..##..... .. ##.......###...
#.........#..w.
............... #
#.............. .
#.....#..#...g. #.#
......J......# #.####
.[....b@.g#########....)
......
.......Kg............)..
.....##.............# #.....
....#...........((.## #.....
#.#.#....#.#.##.....####.##..
#..(...#.....##...........##.
##(....#..#####.#.....#...<.#
##.>.#....## #...#.....##...
..#....>.....##
###.##....###..


You could see 3 gnolls, an ooze, a dart slug, a bat and a kobold.

Vanquished Creatures
  A gnoll (D:2)
  2 leopard geckos
  2 giant cockroaches (D:1)
  4 hobgoblins
  4 jackals (D:1)
  2 bats (D:1)
  3 frilled lizards
  3 kobolds (D:1)
  3 rats
24 creatures vanquished.

Notes
Turn   | Place    | Note
-------+----------+-------------------------------------------
     0 | D:1      | Flugslaktarn the Gargoyle Berserker began the quest for the
                  | Orb.
     0 | D:1      | Reached XP level 1. HP: 14/14 MP: 1/1
    73 | D:1      | Reached XP level 2. HP: 13/19 MP: 2/2
   235 | D:1      | Reached ** piety under Trog
   235 | D:1      | Reached XP level 3. HP: 6/23 MP: 3/3
   384 | D:2      | Slain by an ooze

Illustrated notes

Levels and vault maps discovered:
D:1:      dpeg_arrival_shrine, layout_rooms
D:2:      layout_rooms, lemuel_doored_altar, okawaru_ov_weapons_minmay,
          uniq_crazy_yiuf_cottage
D:3:      layout_rooms

Skill      XL: |  1  2  3 |
---------------+----------+-----
Axes           | 3 |  3.0
Dodging        | 2 |  2.0
Fighting       | |  3.6
Armour         | |  2.7

Action                   || total
-------------------------++-------
Melee: Hand axe          ||    47
Invok: Berserk           ||     3
  Eat: Chunk             ||     1
Armor: Animal skin       ||    33
Dodge: Dodged            ||    58

Table legend:
 A = Non-vault XP
 B = Vault XP
 C = Vault XP percentage of total XP
 D = Non-vault monster count
 E = Vault monster count
 F = Vault count percentage of total count
                 A         B        C        D         E       F
            +---------+---------+-------+---------+---------+-------
      Total |      52 |       0 |   0.0 |      24 |       0 |   0.0
            +---------+---------+-------+---------+---------+-------
        D:1 |      28 |       0 |   0.0 |      17 |       0 |   0.0
        D:2 |      23 |       0 |   0.0 |       6 |       0 |   0.0
        D:3 |       1 |       0 |   0.0 |       1 |       0 |   0.0
            +---------+---------+-------+---------+---------+-------
